TOP OF THE 1ST |
Miami Marlins batting - Pitching for New York Mets : LHP Eduardo Rodriguez
|
Pitching: LHP Eduardo Rodriguez
|
|
Batting: RHB Dan Robertson
|
0-0: Ball 1-0: Ball 2-0: Foul Ball, location: 2F 2-1: Ball 3-1: Called Strike 3-2: DOUBLE (Line Drive, 89D)
|
Batting: RHB Javier Baez
|
0-0: Ball 1-0: Called Strike 1-1: Called Strike 1-2: Ball 2-2: Foul Ball, location: 2F 2-2: Ball 3-2: Base on Balls
|
Batting: SHB Francisco Lindor
|
0-0: Single, Error in OF, E8, batter to second base (Groundball, 6MD) Dan Robertson scores Javier Baez to third
|
Batting: RHB Yasmany Tomas
|
0-0: Fly out, F8 (Flyball, 8LM) Runner from 3rd tags up, SCORES, no throw by CF
|
Batting: LHB Max Kepler
|
0-0: Called Strike 0-1: Foul Ball, location: 2F 0-2: Ball 1-2: Ball 2-2: Strikes out swinging
|
Batting: RHB Danny Valencia
|
0-0: Ball 1-0: SINGLE (Flyball, 78S) Francisco Lindor to third Runner from 3rd tries for Home, SAFE, throw by LF to home
|
Batting: RHB David Wright
|
0-0: Ball 1-0: Ball 2-0: Called Strike 2-1: Called Strike 2-2: Foul Ball, location: 2F 2-2: Foul Ball, location: 2F 2-2: Ball 3-2: Base on Balls Danny Valencia to second
|
Batting: RHB Francisco Pena
|
0-0: Foul Ball, location: 2F 0-1: Swinging Strike 0-2: Ball 1-2: Foul Ball, location: 2F 1-2: Ball 2-2: Ball 3-2: Base on Balls Danny Valencia to third David Wright to second
|
Batting: RHB Yovani Gallardo
|
0-0: Called Strike 0-1: Ball 1-1: Ball 2-1: Foul Ball, location: 2F 2-2: Strikes out swinging
|
Top of the 1st over - 3 runs, 3 hits, 1 error, 3 left on base; Miami 3 - New York 0 |
BOTTOM OF THE 1ST |
New York Mets batting - Pitching for Miami Marlins : RHP Yovani Gallardo
|
Pitching: RHP Yovani Gallardo
|
|
Batting: SHB Ian Happ
|
0-0: Ball 1-0: Foul Ball, location: 2F 1-1: SINGLE (Groundball, 34D)
|
Batting: RHB Starlin Castro
|
0-0: Called Strike 0-1: Ball 1-1: Ball Ian Happ is caught stealing 2nd base 2-4 2-1: DOUBLE (Flyball, 8LXD)
|
Batting: LHB Eddie Rosario
|
0-0: Fly out, F8 (Line Drive, 8LD)
|
Batting: LHB Travis Shaw
|
0-0: Ball 1-0: Ball 2-0: Foul Ball, location: 2F 2-1: Foul Ball, location: 2F 2-2: Ball 3-2: SINGLE (Groundball, 3S) (infield hit) Starlin Castro to third
|
Batting: LHB Gerardo Parra
|
0-0: Ball 1-0: Called Strike 1-1: Ball 2-1: Fly out, F7 (Flyball, 78S)
|
Bottom of the 1st over - 0 runs, 3 hits, 0 errors, 2 left on base; Miami 3 - New York 0 |
TOP OF THE 2ND |
Miami Marlins batting - Pitching for New York Mets : LHP Eduardo Rodriguez
|
Batting: RHB Dan Robertson
|
0-0: Ball 1-0: Ground out U3 (Groundball, 3L)
|
Batting: RHB Javier Baez
|
0-0: Called Strike 0-1: Ball 1-1: Swinging Strike 1-2: Strikes out swinging
|
Batting: SHB Francisco Lindor
|
0-0: Ball 1-0: Ball 2-0: Ball 3-0: Foul Ball, location: 2F 3-1: Base on Balls
|
Batting: RHB Yasmany Tomas
|
0-0: Ball 1-0: Swinging Strike 1-1: Called Strike 1-2: Foul Ball, location: 2F 1-2: Ball 2-2: Ground out 5-3 (Groundball, 56)
|
Top of the 2nd over - 0 runs, 0 hits, 0 errors, 1 left on base; Miami 3 - New York 0 |
BOTTOM OF THE 2ND |
New York Mets batting - Pitching for Miami Marlins : RHP Yovani Gallardo
|
Batting: LHB Mitch Moreland
|
0-0: Ball 1-0: Called Strike 1-1: Foul Ball, location: 2F 1-2: TRIPLE (Flyball, 78XD)
|
Batting: RHB John Hicks
|
0-0: Called Strike 0-1: Called Strike 0-2: Ball 1-2: Ball 2-2: Strikes out swinging
|
Batting: RHB Nick Ahmed
|
0-0: DOUBLE (Line Drive, 9LM) Mitch Moreland scores
|
Batting: LHB Eduardo Rodriguez
|
0-0: Called Strike 0-1: Ball 1-1: SINGLE (Groundball, 4MD) Nick Ahmed to third Runner from 3rd tries for Home, SAFE, no throw by CF
|
Batting: SHB Ian Happ
|
0-0: Foul Ball, location: 2F 0-1: Ball 1-1: Called Strike 1-2: Fielders Choice at 2nd, 6-4 (Groundball, 6)
|
Batting: RHB Starlin Castro
|
0-0: Foul Ball, location: 2F 0-1: Called Strike 0-2: Ball 1-2: Ball 2-2: Foul Ball, location: 2F 2-2: Strikes out looking
|
Bottom of the 2nd over - 2 runs, 3 hits, 0 errors, 1 left on base; Miami 3 - New York 2 |
TOP OF THE 3RD |
Miami Marlins batting - Pitching for New York Mets : LHP Eduardo Rodriguez
|
Batting: LHB Max Kepler
|
0-0: Ball 1-0: Called Strike 1-1: Swinging Strike 1-2: Foul Ball, location: 2F 1-2: Ball 2-2: Foul Ball, location: 2F 2-2: Ground out 6-3 (Groundball, 6)
|
Batting: RHB Danny Valencia
|
0-0: Ball 1-0: Ball 2-0: Called Strike 2-1: Called Strike 2-2: Strikes out swinging
|
Batting: RHB David Wright
|
0-0: Ball 1-0: Swinging Strike 1-1: Fly out, F9 (Flyball, 89S)
|
Top of the 3rd over - 0 runs, 0 hits, 0 errors, 0 left on base; Miami 3 - New York 2 |
BOTTOM OF THE 3RD |
New York Mets batting - Pitching for Miami Marlins : RHP Yovani Gallardo
|
Batting: LHB Eddie Rosario
|
0-0: Ball 1-0: Ball 2-0: SOLO HOME RUN (Flyball, 9D), Distance : 380 ft
|
Batting: LHB Travis Shaw
|
0-0: Ball 1-0: Ball 2-0: Called Strike 2-1: Called Strike 2-2: Strikes out swinging
|
Batting: LHB Gerardo Parra
|
0-0: Called Strike 0-1: Ball 1-1: Fly out, F8 (Flyball, 8RXD)
|
Batting: LHB Mitch Moreland
|
0-0: Swinging Strike 0-1: Called Strike 0-2: Ball 1-2: Ground out U3 (Groundball, 34)
|
Bottom of the 3rd over - 1 run, 1 hit, 0 errors, 0 left on base; Miami 3 - New York 3 |
TOP OF THE 4TH |
Miami Marlins batting - Pitching for New York Mets : LHP Eduardo Rodriguez
|
Batting: RHB Francisco Pena
|
0-0: Foul Ball, location: 2F 0-1: Ball 1-1: Ball 2-1: Swinging Strike 2-2: Ball 3-2: Strikes out looking
|
Batting: RHB Yovani Gallardo
|
0-0: Ball 1-0: Foul Ball, location: 2F 1-1: Foul Ball, location: 2F 1-2: Strikes out swinging
|
Batting: RHB Dan Robertson
|
0-0: Called Strike 0-1: Ball 1-1: Ground out U3 (Groundball, 3L)
|
Top of the 4th over - 0 runs, 0 hits, 0 errors, 0 left on base; Miami 3 - New York 3 |
BOTTOM OF THE 4TH |
New York Mets batting - Pitching for Miami Marlins : RHP Yovani Gallardo
|
Batting: RHB John Hicks
|
0-0: Swinging Strike 0-1: Ball 1-1: SINGLE (Groundball, 34D)
|
Batting: RHB Nick Ahmed
|
0-0: Grounds into double play, 4-6-3 (Groundball, 4M)
|
Pinch Hitting: LHB Scott Schebler
|
0-0: Called Strike 0-1: Foul Ball, location: 2F 0-2: Strikes out looking
|
Bottom of the 4th over - 0 runs, 1 hit, 0 errors, 0 left on base; Miami 3 - New York 3 |
TOP OF THE 5TH |
Miami Marlins batting - Pitching for New York Mets : LHP Eduardo Rodriguez
|
Pitching: RHP Jose Taveras
|
|
Batting: RHB Javier Baez
|
0-0: Ball 1-0: Swinging Strike 1-1: Foul Ball, location: 2F 1-2: Ball 2-2: Ball 3-2: SINGLE (Line Drive, 8LS)
|
Batting: SHB Francisco Lindor
|
0-0: Called Strike 0-1: Ball 1-1: Foul Ball, location: 2F 1-2: Foul Ball, location: 2F 1-2: Ball 2-2: Ball 3-2: Base on Balls Javier Baez to second
|
Batting: RHB Yasmany Tomas
|
0-0: Called Strike 0-1: Swinging Strike 0-2: Foul Ball, location: 2F 0-2: Ball 1-2: Strikes out swinging
|
Batting: LHB Max Kepler
|
0-0: Called Strike 0-1: Swinging Strike 0-2: 3-RUN HOME RUN (Flyball, 89XD), Distance : 420 ft
|
Pitching: RHP Nick Wittgren
|
|
Batting: RHB Danny Valencia
|
0-0: Called Strike 0-1: Foul Ball, location: 2F 0-2: Ball 1-2: Ball 2-2: Ball 3-2: Strikes out swinging
|
Batting: RHB David Wright
|
0-0: Ball 1-0: Ball 2-0: Called Strike 2-1: Foul Ball, location: 2F 2-2: Ball 3-2: Foul Ball, location: 2F 3-2: Strikes out swinging
|
Top of the 5th over - 3 runs, 2 hits, 0 errors, 0 left on base; Miami 6 - New York 3 |
BOTTOM OF THE 5TH |
New York Mets batting - Pitching for Miami Marlins : RHP Yovani Gallardo
|
Batting: SHB Ian Happ
|
0-0: Swinging Strike 0-1: Ground out 6-3 (Groundball, 6)
|
Batting: RHB Starlin Castro
|
0-0: Ball 1-0: Ground out 4-3 (Groundball, 4)
|
Batting: LHB Eddie Rosario
|
0-0: DOUBLE (Flyball, 8LXD)
|
Batting: LHB Travis Shaw
|
0-0: Foul Ball, location: 2F 0-1: Foul Ball, location: 2F 0-2: Ball 1-2: DOUBLE (Line Drive, 9LM) Eddie Rosario scores
|
Batting: LHB Gerardo Parra
|
0-0: DOUBLE (Line Drive, 5D) Travis Shaw scores
|
Batting: LHB Mitch Moreland
|
0-0: Ball 1-0: Foul Ball, location: 2F 1-1: Ground out 4-3 (Groundball, 4)
|
Bottom of the 5th over - 2 runs, 3 hits, 0 errors, 1 left on base; Miami 6 - New York 5 |
TOP OF THE 6TH |
Miami Marlins batting - Pitching for New York Mets : RHP Nick Wittgren
|
Batting: RHB Francisco Pena
|
0-0: Ball 1-0: Bunt for hit to 15 - play at first, batter OUT! 1-3
|
Pinch Hitting: LHB Alex Gordon
|
0-0: Ball 1-0: Ball 2-0: Hit by Pitch
|
Batting: RHB Dan Robertson
|
0-0: Ball 1-0: Called Strike 1-1: Ball 2-1: DOUBLE (Line Drive, 89D) Alex Gordon to third Runner from 3rd tries for Home, SAFE, throw by RF to home
|
Batting: RHB Javier Baez
|
0-0: Ball 1-0: Ball 2-0: Called Strike 2-1: Foul Ball, location: 2F 2-2: Strikes out swinging
|
Batting: SHB Francisco Lindor
|
0-0: Ball 1-0: Ball 2-0: Ball 3-0: Base on Balls
|
Pitching: LHP Adam Liberatore
|
|
Batting: RHB Yasmany Tomas
|
0-0: Called Strike 0-1: Swinging Strike 0-2: Ball 1-2: Fly out, F7 (Flyball, 7LD)
|
Top of the 6th over - 1 run, 1 hit, 0 errors, 2 left on base; Miami 7 - New York 5 |
BOTTOM OF THE 6TH |
New York Mets batting - Pitching for Miami Marlins : RHP Yovani Gallardo
|
Pitching: RHP Craig Stammen
|
|
Batting: RHB John Hicks
|
0-0: Ball 1-0: Ball 2-0: Swinging Strike 2-1: Foul Ball, location: 2F 2-2: Strikes out swinging
|
Batting: RHB Nick Ahmed
|
0-0: Called Strike 0-1: Ball 1-1: Called Strike 1-2: Ground out 5-3 (Groundball, 5S)
|
Pinch Hitting: RHB Erik Gonzalez
|
0-0: Called Strike 0-1: Called Strike 0-2: Ball 1-2: Ball 2-2: Foul Ball, location: 2F 2-2: Foul Ball, location: 2F 2-2: Ground out U3 (Groundball, 3S)
|
Bottom of the 6th over - 0 runs, 0 hits, 0 errors, 0 left on base; Miami 7 - New York 5 |
TOP OF THE 7TH |
Miami Marlins batting - Pitching for New York Mets : LHP Adam Liberatore
|
Pitching: RHP Zach McAllister
|
|
Batting: LHB Max Kepler
|
0-0: Foul Ball, location: 2F 0-1: Foul Ball, location: 2F 0-2: Ball 1-2: Strikes out looking
|
Batting: RHB Danny Valencia
|
0-0: Ball 1-0: Foul Ball, location: 2F 1-1: Called Strike 1-2: Ball 2-2: Strikes out swinging
|
Batting: RHB David Wright
|
0-0: Ball 1-0: Called Strike 1-1: Called Strike 1-2: Ball 2-2: Ball 3-2: Base on Balls
|
Batting: RHB Francisco Pena
|
0-0: Ball 1-0: Called Strike 1-1: Called Strike 1-2: Ball 2-2: Strikes out looking
|
Top of the 7th over - 0 runs, 0 hits, 0 errors, 1 left on base; Miami 7 - New York 5 |
BOTTOM OF THE 7TH |
New York Mets batting - Pitching for Miami Marlins : RHP Craig Stammen
|
Pitching: RHP George Kontos
|
|
Batting: SHB Ian Happ
|
0-0: Ball 1-0: DOUBLE (Flyball, 8LXD)
|
Batting: RHB Starlin Castro
|
0-0: Ball 1-0: Ball 2-0: Fly out, F8 (Flyball, 78XD) Runner from 2nd tags up, SAFE at 3rd, no throw by CF
|
Batting: LHB Eddie Rosario
|
0-0: Foul Ball, location: 2F 0-1: Ball 1-1: Swinging Strike 1-2: Strikes out swinging
|
Batting: LHB Travis Shaw
|
0-0: Ball 1-0: Called Strike 1-1: Fly out, F4 (Popup, 34)
|
Bottom of the 7th over - 0 runs, 1 hit, 0 errors, 1 left on base; Miami 7 - New York 5 |
TOP OF THE 8TH |
Miami Marlins batting - Pitching for New York Mets : RHP Zach McAllister
|
Pinch Hitting: LHB Adam Frazier
|
0-0: Ball 1-0: Ball 2-0: SINGLE (Flyball, 34D)
|
Batting: RHB Dan Robertson
|
0-0: Ball 1-0: Ball 2-0: Ball 3-0: Called Strike 3-1: Fly out, F8 (Flyball, 8LD)
|
Pitching: RHP James Hoyt
|
|
Batting: RHB Javier Baez
|
0-0: Swinging Strike 0-1: Ball 1-1: Fly out, F7 (Flyball, 7D)
|
Batting: SHB Francisco Lindor
|
0-0: Ball 1-0: Ball 2-0: Foul Ball, location: 2F 2-1: Swinging Strike 2-2: DOUBLE (Flyball, 8RXD) Adam Frazier to third
|
Batting: RHB Yasmany Tomas
|
0-0: Ball 1-0: Ground out 5-3 (Groundball, 56S)
|
Top of the 8th over - 0 runs, 2 hits, 0 errors, 2 left on base; Miami 7 - New York 5 |
BOTTOM OF THE 8TH |
New York Mets batting - Pitching for Miami Marlins : RHP George Kontos
|
Pitching: LHP Boone Logan
|
|
Batting: LHB Gerardo Parra
|
0-0: Called Strike 0-1: Called Strike 0-2: Foul Ball, location: 2F 0-2: Strikes out swinging
|
Batting: LHB Mitch Moreland
|
0-0: Ball 1-0: Swinging Strike 1-1: Ball 2-1: Swinging Strike 2-2: Foul Ball, location: 2F 2-2: Foul Ball, location: 2F 2-2: Hit by Pitch
|
Batting: RHB John Hicks
|
0-0: Ball 1-0: Grounds into double play, 6-4-3 (Groundball, 6)
|
Bottom of the 8th over - 0 runs, 0 hits, 0 errors, 0 left on base; Miami 7 - New York 5 |
TOP OF THE 9TH |
Miami Marlins batting - Pitching for New York Mets : RHP James Hoyt
|
Batting: LHB Max Kepler
|
0-0: Called Strike 0-1: Ball 1-1: Swinging Strike 1-2: Strikes out looking
|
Batting: RHB Danny Valencia
|
0-0: Ball 1-0: Swinging Strike 1-1: Swinging Strike 1-2: Ball 2-2: Foul Ball, location: 2F 2-2: Ball 3-2: Strikes out swinging, 2-3 out at first.
|
Batting: RHB David Wright
|
0-0: Called Strike 0-1: Fly out, F7 (Flyball, 7S)
|
Top of the 9th over - 0 runs, 0 hits, 0 errors, 0 left on base; Miami 7 - New York 5 |
BOTTOM OF THE 9TH |
New York Mets batting - Pitching for Miami Marlins : LHP Boone Logan
|
Pitching: RHP Blake Treinen
|
|
Now at 1B: Ian Desmond
|
|
Batting: RHB Nick Ahmed
|
0-0: Ball 1-0: Foul Ball, location: 2F 1-1: Ball 2-1: SINGLE (Flyball, 89S)
|
Pinch Hitting: SHB Jonathan Villar
|
0-0: Ball 1-0: Swinging Strike 1-1: Called Strike 1-2: Fly out, F4 (Flyball, 34D)
|
Batting: SHB Ian Happ
|
0-0: Ball 1-0: Foul Ball, location: 2F 1-1: Ball 2-1: Called Strike 2-2: Strikes out swinging
|
Batting: RHB Starlin Castro
|
0-0: DOUBLE (Flyball, 89D) Nick Ahmed to third
|
Batting: LHB Eddie Rosario
|
0-0: Ball 1-0: Ball 2-0: Swinging Strike 2-1: Ball 3-1: Foul Ball, location: 2F 3-2: Base on Balls
|
Batting: LHB Travis Shaw
|
0-0: Ground out 4-3 (Groundball, 4)
|
Bottom of the 9th over - 0 runs, 2 hits, 0 errors, 3 left on base; Miami 7 - New York 5 |
|